Map: Ley Lines

Players

Reynor - Winner!

  • Race: Protoss Protoss
  • Spawn Location: 7:00

Mixu

  • Race: Zerg Zerg
  • League: Grandmaster
  • Spawn Location: 1:00

Event: HomeStory Cup XXVI

VOD

Have the link to the VOD?

Description

Time

  • Played on: Nov. 30, 2024, 10:26 a.m.
  • Length: 18:51

All games in this series

Show
View Real Time Build Order
Export as new Build Order

Reynor Protoss - Winner!

Build Orders: 1 Gate Expand, Oracle Opening, Archon Immortal 

Get SALT Encoding   

  12  0:00  Probe  
  13  0:12  Probe  
  14  0:19  Pylon  
  14  0:24  Probe  
  15  0:37  Probe  
  15  0:39  Gateway  
  16  0:45  Probe  
  16  0:49  Assimilator  
  17  0:53  Probe  
  18  1:04  Probe  
  19  1:16  Probe  
  20  1:27  Nexus  
  20  1:37  Cybernetics Core  
  20  1:40  Probe  
  21  1:47  Assimilator  
  21  1:52  Probe  
  22  1:55  Pylon  
  22  2:04  Adept, Probe  
  25  2:16  Probe  
  26  2:23  Stargate  
  26  2:25  Adept  
  26  2:29  Probe  
  27  2:35  Probe  
  29  2:38  Warp Gate  
  29  2:41  Probe  
  29  2:43  Probe  
  32  2:53  Adept, Probe x2  
  36  3:05  Probe  
  38  3:07  Oracle  
  38  3:11  Gateway  
  38  3:14  Gateway  
  40  3:22  Probe x2  
  42  3:27  Gateway  
  42  3:32  Shield Battery  
  42  3:34  Probe  
  42  3:40  Probe, Pylon  
  44  3:46  Probe  
  45  3:52  Probe  
  46  3:58  Oracle, Probe  
  46  4:02  Pylon  
  50  4:08  Probe  
  51  4:10  Probe  
  52  4:20  Nexus, Probe  
  52  4:22  Pylon  
  52  4:23  Probe  
  54  4:26  Pylon  
  54  4:30  Adept x2  
  58  4:33  Probe  
  58  4:37  Oracle  
  59  4:38  Probe  
  59  4:43  Robotics Facility  
  59  4:44  Forge  
  59  4:45  Assimilator  
  60  4:49  Probe  
  60  4:52  Assimilator  
  64  4:53  Probe  
  64  4:57  Adept  
  64  4:59  Adept  
  69  5:06  Probe x2  
  71  5:18  Probe x2  
  73  5:23  Protoss Ground Weapons Level 1  
  71  5:30  Probe x2  
  71  5:33  Immortal  
  71  5:34  Probe  
  71  5:37  Gateway  
  71  5:38  Gateway, Probe x2  
  71  5:39  Sentry  
  71  5:42  Probe  
  76  5:48  Shield Battery  
  77  5:50  Forge  
  77  5:51  Probe  
  77  5:53  Probe  
  77  5:54  Sentry  
  77  5:55  Probe  
  80  6:04  Probe  
  80  6:10  Probe x2  
  81  6:15  Immortal  
  81  6:16  Probe  
  81  6:18  Twilight Council  
  86  6:19  Pylon  
  86  6:21  Zealot x2  
  86  6:22  Probe x2  
  86  6:23  Assimilator  
  92  6:27  Assimilator, Photon Cannon  
  92  6:34  Gateway  
  92  6:35  Probe  
  92  6:36  Gateway  
  92  6:37  Pylon, Probe  
  94  6:43  Photon Cannon  
  95  6:47  Probe, Photon Cannon  
  95  6:49  Pylon  
  99  6:54  Immortal  
  99  6:55  Templar Archives  
  99  7:00  Photon Cannon  
  99  7:02  Stalker x2  
  99  7:03  Charge  
  103  7:13  Psionic Storm  
  103  7:22  Pylon  
  103  7:26  Protoss Ground Weapons Level 2  
  103  7:27  Oracle  
  105  7:38  Nexus, High Templar, Pylon  
  105  7:39  Pylon, High Templar  
  109  7:44  Photon Cannon  
  109  7:47  Photon Cannon  
  109  7:50  Photon Cannon  
  109  7:52  Photon Cannon  
  109  7:53  Probe x2  
  109  7:54  Shield Battery  
  109  7:55  Probe  
  109  7:56  Shield Battery  
  109  7:58  Photon Cannon  
  112  7:59  Photon Cannon  
  112  8:01  High Templar x2  
  112  8:05  Probe x2  
  118  8:06  Zealot x2  
  118  8:11  Probe  
  120  8:14  Photon Cannon  
  120  8:16  Immortal  
  124  8:24  High Templar x2  
  124  8:25  Probe  
  124  8:26  Probe  
  130  8:28  Probe  
  130  8:29  Archon  
  131  8:35  Forge  
  131  8:36  Pylon  
  131  8:38  Shield Battery  
  131  8:39  Shield Battery  
  131  8:40  High Templar  
  131  8:41  High Templar, Photon Cannon  
  133  8:46  Archon  
  133  8:47  Probe x2  
  137  8:48  Probe  
  137  8:49  Observer  
  137  8:51  Assimilator  
  137  8:54  Assimilator  
  137  8:55  High Templar  
  141  8:59  Probe  
  142  9:03  Photon Cannon  
  142  9:07  Photon Cannon  
  142  9:11  Probe x2  
  142  9:15  Observer  
  145  9:21  Gateway x2  
  145  9:24  Probe  
  145  9:25  Probe  
  145  9:29  High Templar x2  
  151  9:34  Photon Cannon  
  151  9:36  Shield Battery  
  151  9:37  Pylon  
  151  9:45  High Templar x2  
  153  9:46  Probe x2  
  153  9:47  Probe x2  
  153  9:48  Protoss Ground Armor Level 1  
  159  9:56  Archon  
  159  10:02  Immortal  
  163  10:07  Robotics Facility  
  163  10:13  Probe x2  
  163  10:19  Probe  
  163  10:21  Probe  
  163  10:24  Zealot  
  163  10:26  Probe x2  
  157  10:38  Pylon  
  154  10:48  Fleet Beacon  
  154  10:50  Pylon  
  154  10:52  Pylon, Photon Cannon  
  154  10:54  Pylon, Photon Cannon  
  154  10:59  Pylon  
  152  11:06  High Templar x2  
  152  11:07  High Templar x2  
  152  11:10  Archon, Photon Cannon  
  156  11:11  Archon  
  156  11:14  Pylon  
  156  11:17  Immortal  
  160  11:20  Probe x2  
  160  11:23  Stalker x4  
  169  11:26  Probe  
  169  11:32  Probe  
  172  11:33  Probe  
  172  11:36  Blink  
  171  11:40  Zealot x4  
  171  11:46  Pylon  
  175  11:48  Zealot x2  
  175  11:53  Protoss Shields Level 1  
  173  12:08  Pylon  
  173  12:12  Immortal  
  173  12:15  Pylon  
  173  12:17  Pylon  
  173  12:20  Gateway x2  
  173  12:27  Mothership  
  181  12:34  Probe x3  
  175  12:38  Protoss Ground Weapons Level 3, High Templar x2  
  175  12:39  Pylon  
  175  12:40  High Templar x2  
  181  12:46  Zealot x3, Probe x3  
  174  12:54  Immortal  
  174  12:58  Probe x3  
  175  13:05  Pylon  
  175  13:06  Pylon  
  175  13:10  Probe x3, High Templar x2  
  175  13:12  High Templar x2  
  186  13:14  Archon  
  186  13:20  Gateway  
  186  13:27  Gateway x2, Immortal  
  188  13:28  Photon Cannon  
  188  13:30  Photon Cannon  
  188  13:32  Gateway, Observer, Photon Cannon  
  188  13:33  High Templar x2, Photon Cannon  
  190  13:34  Gateway  
  195  13:43  Nexus  
  195  13:44  Pylon  
  195  13:45  Photon Cannon  
  195  13:46  Photon Cannon  
  195  13:47  Photon Cannon  
  195  13:48  Cybernetics Core  
  195  13:49  Protoss Shields Level 2  
  195  13:50  Photon Cannon  
  193  14:05  High Templar  
  193  14:06  High Templar  
  197  14:27  Photon Cannon  
  192  14:39  Stalker  
  192  14:40  Stalker x3  
  196  14:49  Zealot x2  
  198  15:09  Shield Battery  
  198  15:12  Forge  
  198  15:13  Stalker x3  
  200  15:15  Pylon  
  185  15:33  Stalker x2  
  185  15:34  Stalker x5  
  175  15:36  Stalker  
  175  15:37  Stalker x2  
  175  15:38  Stalker x5  
  156  15:58  Stalker x7  
  162  16:04  Stalker x8  
  146  16:27  Stalker x4  
  146  16:28  Zealot x11  
  164  16:50  High Templar x3  
  170  16:54  Pylon  
  170  17:06  Unknown  
  170  17:08  Stalker, Nexus  
  172  17:10  Zealot x9  
  172  17:11  Zealot x2  
  172  17:15  Nexus  
  194  17:16  Pylon  
  194  17:32  High Templar x3  
  184  17:58  Zealot x4  
  184  17:59  Zealot x4  
  196  18:12  Probe x2  
  186  18:21  Pylon  
  186  18:26  Nexus  
  178  18:37  High Templar x4  
  178  18:38  High Templar x4  
  178  18:40  Stalker  
Show
View Real Time Build Order
Export as new Build Order

Mixu Zerg 

Build Orders: Hatch First, Brood Lord Corruptor 

Get SALT Encoding   

  12  0:00  Drone  
  13  0:12  Overlord  
  13  0:16  Drone  
  14  0:31  Drone  
  14  0:32  Drone  
  16  0:47  Drone  
  17  0:53  Hatchery  
  17  0:56  Drone  
  17  0:59  Drone  
  18  1:13  Extractor  
  18  1:15  Spawning Pool  
  16  1:22  Drone  
  16  1:24  Drone  
  18  1:28  Drone  
  19  1:40  Drone  
  20  1:50  Drone  
  21  2:02  Overlord  
  21  2:04  Queen  
  21  2:05  Queen  
  21  2:07  Drone  
  26  2:14  Metabolic Boost  
  26  2:17  Zergling x2  
  27  2:23  Zergling x2  
  27  2:28  Drone  
  29  2:40  Hatchery, Drone  
  29  2:48  Zergling x6  
  32  2:55  Baneling Nest  
  31  3:00  Zergling x4  
  33  3:09  Overlord  
  33  3:15  Drone x3  
  37  3:22  Overlord  
  36  3:28  Drone x3  
  36  3:30  Evolution Chamber  
  36  3:32  Drone  
  39  3:34  Drone  
  39  3:37  Drone  
  41  3:43  Drone  
  41  3:47  Spore Crawler  
  41  3:48  Drone x3  
  44  3:51  Spore Crawler  
  44  3:55  Spore Crawler  
  42  3:57  Zerg Melee Weapons Level 1  
  42  4:00  Drone  
  42  4:02  Drone  
  44  4:03  Drone  
  44  4:05  Drone  
  44  4:07  Drone  
  44  4:08  Drone  
  48  4:11  Drone  
  48  4:13  Drone  
  48  4:15  Drone x2  
  51  4:18  Drone  
  51  4:20  Drone  
  51  4:22  Drone x2  
  55  4:25  Drone x2  
  55  4:26  Drone  
  55  4:30  Overlord  
  58  4:37  Hatchery  
  57  4:40  Drone  
  58  4:46  Overlord  
  58  4:47  Queen  
  58  4:49  Drone x4  
  58  4:50  Drone  
  66  4:52  Drone  
  66  4:55  Overlord  
  66  5:02  Spore Crawler, Lair  
  66  5:04  Zergling x2  
  66  5:09  Zergling x12  
  69  5:16  Overlord  
  69  5:21  Drone  
  67  5:22  Drone x3  
  67  5:23  Drone x3  
  67  5:27  Drone x2  
  70  5:29  Drone x3  
  70  5:33  Drone  
  71  5:38  Drone, Extractor  
  71  5:40  Extractor  
  71  5:42  Drone x2  
  72  5:43  Extractor  
  72  5:46  Queen  
  72  5:47  Drone  
  74  5:53  Drone x2  
  74  5:54  Drone  
  77  5:59  Drone  
  77  6:04  Drone x2  
  78  6:09  Drone x5  
  81  6:13  Overlord  
  81  6:14  Drone x2  
  81  6:15  Hydralisk Den, Extractor  
  81  6:19  Drone x3  
  81  6:20  Drone, Overlord  
  81  6:21  Drone x2  
  87  6:26  Drone  
  87  6:28  Drone  
  87  6:30  Zerg Missile Weapons Level 1  
  89  6:36  Drone x3  
  89  6:37  Baneling Nest  
  89  6:39  Drone  
  92  6:41  Overseer  
  92  6:47  Drone x3, Overlord  
  92  6:48  Drone x5  
  92  6:50  Extractor  
  92  6:54  Muscular Augments, Hydralisk x3, Extractor  
  98  6:57  Drone  
  105  7:02  Zergling x4, Infestation Pit  
  105  7:06  Drone x4  
  110  7:09  Overlord  
  110  7:11  Overlord x2  
  110  7:13  Drone  
  111  7:16  Hydralisk x4  
  119  7:25  Overlord  
  119  7:26  Overlord  
  119  7:32  Hatchery, Queen  
  119  7:34  Hydralisk x7  
  134  7:37  Overlord  
  134  7:42  Hive  
  134  7:50  Drone x4  
  138  7:54  Spine Crawler, Hydralisk x4  
  145  8:03  Overlord  
  144  8:07  Hydralisk x2  
  144  8:08  Drone  
  148  8:14  Centrifugal Hooks, Grooved Spines  
  148  8:16  Drone x2  
  148  8:19  Extractor  
  149  8:21  Overlord x2, Pneumatized Carapace  
  149  8:22  Zergling x20  
  149  8:26  Zergling x2  
  159  8:27  Hatchery  
  159  8:30  Baneling, Zergling x2  
  159  8:31  Baneling x9  
  159  8:33  Overlord x2  
  159  8:35  Zergling x6  
  159  8:40  Zergling x4  
  163  8:43  Zergling x2  
  163  8:46  Overlord  
  163  8:47  Zergling x10  
  169  8:51  Baneling x5  
  169  8:52  Baneling x15  
  169  8:53  Zergling x8  
  173  8:58  Zergling x12  
  173  9:02  Adrenal Glands  
  179  9:03  Zergling x6  
  180  9:12  Zergling x14  
  180  9:17  Overlord  
  185  9:18  Zergling x6  
  188  9:26  Zergling x6  
  188  9:27  Zergling x12  
  188  9:29  Baneling x14  
  188  9:30  Baneling  
  196  9:33  Zerg Missile Weapons Level 2  
  196  9:35  Zergling x6  
  199  9:43  Hydralisk x3  
  190  10:01  Hydralisk x4  
  190  10:03  Spire  
  197  10:08  Zergling x4  
  197  10:12  Extractor  
  179  10:15  Extractor, Hydralisk x6  
  179  10:16  Drone  
  178  10:22  Baneling x2, Hydralisk x2  
  178  10:27  Zergling x28  
  189  10:30  Zergling x8  
  184  10:36  Hydralisk  
  184  10:37  Hydralisk x2  
  184  10:42  Zergling x14  
  194  10:48  Hydralisk x3  
  194  10:49  Unknown  
  198  10:54  Baneling x7  
  198  10:55  Baneling x9  
  198  10:57  Overseer  
  198  10:58  Zergling x2  
  198  11:03  Unknown  
  192  11:05  Zergling x16  
  192  11:11  Zergling x6  
  194  11:15  Hydralisk x3  
  199  11:19  Greater Spire  
  199  11:30  Hydralisk x3  
  193  11:43  Hydralisk x4  
  193  11:45  Baneling x11  
  196  11:51  Zergling x22  
  187  12:02  Zergling x4  
  187  12:03  Hydralisk x4  
  187  12:05  Overlord  
  187  12:14  Overlord  
  185  12:25  Spine Crawler  
  175  12:32  Corruptor x6  
  175  12:34  Zerg Flyer Weapons Level 1, Corruptor x2  
  175  12:36  Drone  
  185  12:38  Zergling x30  
  185  12:42  Corruptor  
  168  12:59  Drone x2  
  168  13:01  Spore Crawler, Overseer x2  
  168  13:02  Spore Crawler  
  168  13:03  Infestor  
  168  13:04  Infestor  
  176  13:07  Brood Lord x3  
  176  13:08  Brood Lord x3  
  176  13:10  Drone x3  
  186  13:13  Overseer  
  186  13:17  Viper  
  186  13:19  Brood Lord  
  191  13:25  Drone x3  
  194  13:35  Drone x2  
  194  13:36  Hatchery  
  194  13:37  Brood Lord  
  194  13:39  Brood Lord  
  199  13:42  Spore Crawler  
  199  13:43  Spore Crawler  
  199  13:45  Spine Crawler  
  196  13:49  Spore Crawler  
  188  13:56  Corruptor x5  
  198  14:05  Zerg Melee Weapons Level 2  
  198  14:11  Burrow  
  198  14:21  Spore Crawler  
  197  14:24  Corruptor  
  197  14:26  Spore Crawler x5  
  194  14:31  Spore Crawler  
  194  14:34  Corruptor  
  194  14:37  Baneling x12  
  195  14:45  Brood Lord  
  195  14:46  Brood Lord  
  196  14:53  Corruptor x3  
  196  14:57  Hydralisk x6  
  195  15:14  Hydralisk  
  195  15:20  Overlord  
  195  15:22  Hydralisk x3  
  193  15:34  Hydralisk x4  
  184  15:44  Hydralisk  
  184  15:46  Brood Lord x4  
  191  15:50  Hydralisk x7  
  191  15:55  Hydralisk x2  
  199  15:59  Hydralisk x2  
  199  16:00  Zergling x4  
  188  16:06  Zergling x10  
  157  16:13  Hydralisk x2  
  157  16:14  Hydralisk x5  
  155  16:21  Hydralisk x3  
  146  16:28  Corruptor x2  
  144  16:38  Hydralisk x2  
  146  16:40  Lurker Den  
  146  16:45  Hydralisk x3  
  143  16:51  Infestor x2  
  147  16:59  Brood Lord  
  147  17:00  Brood Lord  
  151  17:02  Corruptor  
  151  17:05  Corruptor  
  155  17:09  Corruptor  
  155  17:26  Corruptor x2  
  159  17:30  Zergling x8  
  159  17:34  Brood Lord  
  165  17:38  Brood Lord  
  165  17:39  Brood Lord  
  165  17:40  Corruptor  
  165  17:44  Hydralisk x7  
  156  17:53  Hydralisk x4  
  148  18:00  Brood Lord  
  143  18:07  Hydralisk  
  143  18:08  Hydralisk  
  143  18:10  Brood Lord  
  115  18:26  Drone, Hydralisk x2  
Tags
 
Add a new tag
Caveats
  • Supply blocks, unpowered buildings, or Contaminate may cause inaccurate times.
  • Supply counts are checked every 10 seconds.